 Dungeon Crawl Stone Soup version 0.29-a0-802-g34511f41fd (webtiles) character file.

Game seed: 14617828414928539535

760 purpskrrrp the Covert (level 7, -2/46 HPs)
             Began as an Octopode Brigand on July 3, 2022.
             Was a Follower of Wu Jian.
             Slain by an orc
             ... wielding a +2 trident of freezing
              (4 damage)
             ... on level 5 of the Dungeon.
             The game lasted 00:25:40 (5725 turns).

purpskrrrp the Covert (Octopode Brigand)            Turns: 5725, Time: 00:25:41

Health: -2/46      AC:  1    Str: 11    XL:     7   Next: 80%
Magic:  7/7        EV: 28    Int: 13    God:    Wu Jian [*.....]
Gold:   286        SH:  0    Dex: 15    Spells: 6/6 levels left

rFire   . . .      SeeInvis +   o - +4 dagger (venom)
rCold   . . .      Faith    .   (no shield)
rNeg    . . .      Spirit   .   (helmet restricted)
rPois   .          Reflect  .   d - amulet of the acrobat
rElec   .          Harm     .   s - ring of wizardry
rCorr   .          Rampage  .   (no ring)
Will    .....                   (no ring)
Stlth   +++++.....              (no ring)
HPRegen 0.15/turn               (no ring)
MPRegen 0.10/turn               (no ring)
                                (no ring)
                                (no ring)

@: about to teleport, acrobatic
A: almost no armour, amphibious, 8 rings, camouflage 1, gelatinous body 1,
(nimble swimmer 1), tentacles, see invisible, deterioration 1, MP-powered wands
a: Renounce Religion


You were on level 5 of the Dungeon.
You worshipped Wu Jian.
Wu Jian was aware of your devotion.
You visited 1 branch of the dungeon, and saw 7 of its levels.

You collected 286 gold pieces.

Inventory:

Hand Weapons
 a - a +2 dagger
 i - a +2 dagger of pain
 o - a +4 dagger of venom (weapon)
Missiles
 b - 14 poisoned darts (quivered)
 p - 3 curare-tipped darts
Jewellery
 d - an amulet of the acrobat (around mantle)
 g - a ring of see invisible
 s - a ring of wizardry (left tentacle)
Scrolls
 c - 2 scrolls of identify
 h - a scroll of silence {unknown}
 r - a scroll of teleportation
Potions
 e - a potion of curing
 f - 3 potions of flight {unknown}
 j - 2 potions of resistance {unknown}
 k - 3 potions of lignification {unknown}
 l - 3 potions of degeneration
 m - a potion of invisibility {unknown}
 n - a potion of heal wounds {unknown}


   Skills:
 + Level 3.0 Fighting
 * Level 4.9 Short Blades
 + Level 3.1 Throwing
 + Level 1.8 Dodging
 * Level 9.8 Stealth


You had 6 spell levels left.
You didn't know any spells.
Your spell library contained the following spells:

 Spells                   Type           Power      Damage    Failure   Level
 Static Discharge         Conj/Air       0%         3-3/arc   19%         2
 Ozocubu's Armour         Ice            0%         N/A       34%         3
 Dispel Undead            Necr           0%         3d6       73%         4
 Sticky Flame             Conj/Fire      0%         2d3       73%         4
 Ozocubu's Refrigeration  Ice            0%         4d5       100%        7


Dungeon Overview and Level Annotations

Branches:
Dungeon (7/15)
 Temple: D:4-7

Altars:
Cheibriados
Fedhas
Trog
Wu Jian
Yredelemnul
The Shining One

Shops:
D:5 (


Innate Abilities, Weirdness & Mutations

You cannot wear most types of armour.
You are amphibious.
You can wear up to eight rings at the same time.
Your skin changes colour to match your surroundings (Stealth+).
Your rubbery body absorbs attacks. (AC +1, EV +1)
((You are camouflaged when in or above water. (Stealth+)))
You have tentacles for arms and can constrict up to eight enemies at once.
You have supernaturally acute eyesight. (SInv)
Your body sometimes deteriorates upon taking damage.
You expend magic power (3 MP) to strengthen your wands.


Message History

The orc wizard is heavily wounded.
You constrict the orc wizard. You constrict the orc. The orc misses you.
The orc hits you from afar with a +2 trident of freezing.
The orc freezes you. The orc wizard barely misses you.
You barely miss the orc wizard.
The orc wizard is severely wounded.
You constrict the orc wizard. You constrict the orc.
You kill the orc!
The Council accepts your kill.
You release your grip on the orc wizard.
You kill the orc wizard!
The Council accepts your kill. The orc completely misses you.
You see here a +0 dagger.
The orc hits you from afar with a +2 trident of freezing.
The orc freezes you. The orc closely misses you.
An orc comes into view. It is wielding a +0 club.
You bump into the rock wall.
The orc misses you. The orc barely misses you.
An orc comes into view. It is wielding a +0 dagger.
You bump into the rock wall.
You feel less confused.
The orc hits you from afar with a +2 trident of freezing.
The orc freezes you. The orc hits you with a +0 club.
You closely miss the orc. Your grab misses the orc.
Your squeeze misses the orc. The orc barely misses you. x2
As you read the scroll of teleportation, it crumbles to dust.
You feel strangely unstable. The orc barely misses you.
The orc hits you with a +0 club.
You hit the orc.
The orc is poisoned.
You grab the orc. You squeeze the orc.
You kill the orc!
The Council accepts your kill.
You can now lightly attack monsters by moving around them.
The orc hits you from afar with a +2 trident of freezing!
* * * LOW HITPOINT WARNING * * *
The orc freezes you.
* * * LOW HITPOINT WARNING * * *
The orc hits you from afar with a +2 trident of freezing!
* * * LOW HITPOINT WARNING * * *
The orc freezes you.
You die...

.. ...#### ..
....... #)#
#........ #..
#........ #...
#........
#...##........
#.............
#@).......
#.)o......
##)o......
#.o......
#........
#........
#........
.........
.........


You could see 3 orcs.

Vanquished Creatures
  Duvessa (D:4)
  An ice beast (D:4)
  A scorpion (D:5)
  A necrophage (D:4)
  Dowan (D:4)
  Terence (D:2)
  2 iguanas
  4 orc wizards
  Robin (D:3)
  9 adders
  A worm (D:2)
  15 orcs
  8 ball pythons
  11 endoplasms
  3 giant cockroaches
  8 hobgoblins
  8 jackals
  5 quokkas
  9 bats
  2 frilled lizards (D:1)
  14 goblins
  8 kobolds
  4 rats
118 creatures vanquished.

Notes
Turn   | Place    | Note
-------+----------+-------------------------------------------
     0 | D:1      | purpskrrrp the Octopode Brigand began the quest for the
                  | Orb.
     0 | D:1      | Reached XP level 1. HP: 14/14 MP: 1/1
    78 | D:1      | Reached XP level 2. HP: 10/19 MP: 2/2
   236 | D:1      | Reached skill level 6 in Stealth
   610 | D:1      | Reached XP level 3. HP: 9/24 MP: 3/3
  1108 | D:1      | Found a faded altar of an unknown god.
  1282 | D:1      | Gained mutation: You expend magic power (3 MP) to
                  | strengthen your wands. [potion of mutation]
  1282 | D:1      | Gained mutation: Your body sometimes deteriorates upon
                  | taking damage. [potion of mutation]
  1419 | D:2      | Noticed Terence
  1430 | D:2      | Killed Terence
  1431 | D:2      | Reached skill level 7 in Stealth
  1431 | D:2      | Reached XP level 4. HP: 11/29 MP: 4/4
  1631 | D:2      | Lost mutation: You expend magic power (3 MP) to strengthen
                  | your wands. [potion of mutation]
  1631 | D:2      | Lost mutation: Your body sometimes deteriorates upon taking
                  | damage. [potion of mutation]
  1631 | D:2      | Gained mutation: You are partially covered in iridescent
                  | scales. (AC +2) [potion of mutation]
  1631 | D:2      | Gained mutation: You are weak. (Str -2) [potion of
                  | mutation]
  1631 | D:2      | Gained mutation: You are somewhat resistant to further
                  | mutation. [potion of mutation]
  2323 | D:3      | Noticed Robin
  2747 | D:3      | Reached XP level 5. HP: 30/35 MP: 5/5
  2830 | D:3      | Lost mutation: You are partially covered in iridescent
                  | scales. (AC +2) [potion of mutation]
  2830 | D:3      | Lost mutation: You are weak. (Str -2) [potion of mutation]
  2830 | D:3      | Lost mutation: You are somewhat resistant to further
                  | mutation. [potion of mutation]
  2830 | D:3      | Gained mutation: You are weak. (Str -2) [potion of
                  | mutation]
  2830 | D:3      | Gained mutation: Your mind is acute. (Int +4, Str/Dex -1)
                  | [potion of mutation]
  2830 | D:3      | Gained mutation: You expend magic power (3 MP) to
                  | strengthen your wands. [potion of mutation]
  2830 | D:3      | Gained mutation: You have supernaturally acute eyesight.
                  | (SInv) [potion of mutation]
  2997 | D:3      | Killed Robin
  3074 | D:3      | Found a glowing golden altar of the Shining One.
  3118 | D:3      | Found a snail-covered altar of Cheibriados.
  3566 | D:3      | Reached skill level 8 in Stealth
  3819 | D:4      | Found a blossoming altar of Fedhas.
  3853 | D:5      | Entered Level 5 of the Dungeon
  3859 | D:5      | Found Pemuqimm's Antique Weapon Shoppe.
  4122 | D:4      | Noticed Duvessa
  4231 | D:4      | Found an ornate altar of the Wu Jian Council.
  4237 | D:4      | Noticed an ice beast
  4260 | D:4      | Became a worshipper of the Wu Jian Council
  4329 | D:4      | Killed an ice beast
  4330 | D:4      | Reached XP level 6. HP: 41/41 MP: 6/6
  4375 | D:4      | Lost mutation: You are weak. (Str -2) [potion of mutation]
  4375 | D:4      | Lost mutation: You expend magic power (3 MP) to strengthen
                  | your wands. [potion of mutation]
  4375 | D:4      | Lost mutation: Your mind is acute. (Int +4, Str/Dex -1)
                  | [potion of mutation]
  4375 | D:4      | Gained mutation: Your body sometimes deteriorates upon
                  | taking damage. [potion of mutation]
  4375 | D:4      | Gained mutation: You expend magic power (3 MP) to
                  | strengthen your wands. [potion of mutation]
  4413 | D:4      | Found a basalt altar of Yredelemnul.
  4413 | D:4      | Noticed Dowan
  4427 | D:4      | HP: 1/41 [Duvessa/+0 short sword (2)]
  4428 | D:4      | Killed Duvessa
  4432 | D:4      | Killed Dowan
  4433 | D:4      | Reached XP level 7. HP: 1/45 MP: 7/7
  4435 | D:4      | Reached skill level 9 in Stealth
  5221 | D:4      | Found a bloodstained altar of Trog.
  5724 | D:5      | Reached * piety under Wu Jian
  5725 | D:5      | HP: 2/46 [orc/+2 trident of freezing (7)]
  5725 | D:5      | Slain by an orc

Illustrated notes

Levels and vault maps discovered:
D:1:      erik_arrival_cave_to_civilisation [erik_arrival_cave_to_hall],
          layout_basic, hellmonk_ecumenical_altar_arch_garden, eino_curves_03,
          hangedman_decor_diamond_cutter
D:2:      layout_loops_ring, uniq_crazy_yiuf_cottage, uniq_terence
D:3:      layout_basic, general_overflow_altar, lemuel_doored_altar,
          hangedman_decor_push, minmay_increasing_density, uniq_robin
D:4:      layout_gridville, nzn_wu_jian_council_hall, lemuel_crystal_altar,
          lemuel_coloured_pillars_altar, mainiacjoe_overflow_brackets,
          minmay_puff, uniq_duvessa
D:5:      layout_basic, mainiacjoe_overflow_six_doors_small, serial_shops,
          nicolae_square_shop, wad_floor_pattern_1,
          chequers_serial_rivers_micro_b, uniq_grinder
D:6:      layout_loops_corners, mainiacjoe_overflow_swirl, serial_park_tiny_1
D:7:      layout_basic, nicolae_hepliaklqana_hazy_memory,
          minmay_temple_entry_glass, minmay_misc_feat_four_crosses, uniq_pikel,
          uniq_menkaure

Skill      XL: |  1  2  3  4  5  6  7 |
---------------+----------------------+-----
Stealth        | 6 7 8 9 |  9.8
Short Blades   | 3 4 |  4.9
Throwing       | 3 |  3.1
Fighting       | 3 |  3.0
Dodging        | |  1.8

Action                   |  1- 3 |  4- 6 |  7- 9 || total
-------------------------+-------+-------+-------++-------
Melee: Dagger            |    61 |   116 |    46 ||   223
       Constrict         |     9 |    26 |    10 ||    45
       Tentacles         |    11 |    20 |     6 ||    37
       Punch             |       |     2 |       ||     2
Throw: Dart              |     5 |    25 |     8 ||    38
Invok: Lunge             |       |       |     2 ||     2
  Use: Scroll            |     6 |     4 |     1 ||    11
       Potion            |     1 |     5 |       ||     6
 Stab: Sleeping          |     9 |    11 |     5 ||    25
       Distracted        |       |     2 |     2 ||     4
Armor: Skin              |     1 |    12 |     2 ||    15
Dodge: Dodged            |    26 |    67 |    33 ||   126

Table legend: (Time is in decaauts)
 A = Elapsed time spent in this place.
 B = Non-inter-level travel time spent in this place.
 C = Inter-level travel time spent in this place.
 D = Time resting spent in this place.
 E = Time spent auto-exploring this place.
 F = Levels seen in this place.
 G = Mean time per level.
                   A        B        C        D        E       F      G
               +--------+--------+--------+--------+--------+-----+--------+
         Total |   5687 |   5231 |    456 |   1020 |   3108 |   7 |  812.4 |
       Dungeon |   5687 |   5231 |    456 |   1020 |   3108 |   7 |  812.4 |
               +--------+--------+--------+--------+--------+-----+--------+

Top non-repeatable levels by time:
     D:4: 1403 daAuts
     D:1: 1327 daAuts
     D:3: 1286 daAuts
     D:2: 1242 daAuts
     D:5: 325 daAuts
     D:6: 72 daAuts
     D:7: 29 daAuts
